Atomiques vs Influenza (R2)

Created - 6 mai 2016 at 19:03

Goals
1 2 3 T
Atomiques 1 3 2 6
Influenza 4 3 1 8
Shots
1 2 3 T
Atomiques 14 11 10 35
Influenza 14 11 10 35

1st period

1. Influenza , Ryan Carter 1 (Robbie Earl) at 3:14
2. Influenza , Ryan Carter 2 (Robbie Earl, Mathieu Carle) at 4:45 (PP)
3. Influenza , Ryan Carter 3 (Martins Karsums, Robbie Earl) at 7:58
4. Atomiques , Marc-Antoine Pouliot 1 (Ryan Shannon, Kenndal McArdle) at 16:23 (PP)
5. Influenza , Zac Dalpe 1 (Ben Smith) at 17:21

Penalties :
John McCarthy (STB) for Interference (Minor) at 4:07, Tyler Kennedy (STB) for Hooking (Minor) at 4:52, Matt Corrente (VJB) for Slashing (Minor) at 11:18, Mathieu Carle (VJB) for Goalie Interference (Minor) at 15:35

2nd period

6. Influenza , Martins Karsums 1 (Ryan Carter, Robbie Earl) at 4:23 (PP)
7. Influenza , Charlie Coyle 1 (Corey Tropp, Ryan Russell) at 10:47
8. Influenza , Martins Karsums 2 (Ryan Carter, Robbie Earl) at 11:34
9. Atomiques , Alex Berry 1 (Brett Sutter, Kyle Wharton) at 13:36
10. Atomiques , Marc-Antoine Pouliot 2 (Ryan Shannon, Davis Drewiske) at 18:57 (PP)
11. Atomiques , Brad Winchester 1 (Tyler Kennedy, Tyler Brenner) at 19:13

Penalties :
Brad Winchester (STB) for Kneeing (Minor) at 3:55, Brad Winchester (STB) for Hooking (Minor) at 7:29, Ryan Carter (VJB) for Holding (Minor) at 17:43, Ryan Carter (VJB) for Roughing (Minor) at 19:21

3rd period

12. Atomiques , Marc-André Cliche 1 (Andrew Kozek, Nick Johnson) at 12:37
13. Atomiques , Marc-Antoine Pouliot 3 (Clayton Stoner) at 16:39
14. Influenza , Noah Welch 1 (Martins Karsums, Robbie Earl) at 19:17 (PP)

Penalties :
Ryan Carter (VJB) for Goalie Interference (Minor) at 4:01, Brad Winchester (STB) for Hooking (Minor) at 7:29, Tyler Kennedy (STB) for High sticking (Minor) at 19:08

Goalie Stats

Alex Auld (STB), 6 saves from 10 shots - (0,600), 17:21 minutes
Sergei Bobrovsky (STB), 21 saves from 25 shots - (0,840), L, 0-1-0, 42:39 minutes
Alex Stalock (VJB), 29 saves from 35 shots - (0,829), W, 1-0-0, 60:00 minutes

Players Stats for Atomiques

Player Name              G  A  P  +/- PIM S  H  SB GA TA FO     MP     PP MP  PK MP  
------------------------------------------------------------------------------------
Alex Berry               1  0  1   1  0   2  1  0  0  0  0/0     6:23   0:00   0:00 
Alexander Sulzer         0  0  0   0  0   0  2  3  1  1  0/0    31:13   5:24   4:19 
Andrew Kozek             0  1  1   0  0   1  4  0  0  0  1/3    13:06   0:07   2:06 
Brad Winchester          1  0  1   0  6   3  3  0  1  0  3/5    22:40   4:38   1:49 
Brett Sutter             0  1  1   1  0   1  1  0  0  1  2/5     8:17   0:00   1:54 
Clayton Stoner           0  1  1  -1  0   0  1  0  0  0  0/0     9:06   0:00   0:00 
Davis Drewiske           0  1  1   0  0   2  2  3  0  1  0/0    19:41   2:35   2:53 
John McCarthy            0  0  0   1  2   2  1  0  1  0  0/1     6:22   0:00   0:00 
Kenndal McArdle          0  1  1  -2  0   2  0  1  0  0  0/0    14:35   3:20   0:00 
Kyle Wharton             0  1  1  -1  0   0  1  1  0  0  0/0     9:06   0:00   0:00 
Marc-André Cliche        1  0  1   0  0   3  0  0  0  0  5/9    14:26   0:00   3:29 
Marc-Antoine Pouliot     3  0  3  -2  0   3  0  1  0  0  7/17   14:35   3:20   0:00 
Nick Johnson             0  1  1   0  0   1  0  1  0  0  0/0    11:09   0:14   0:00 
Ryan Shannon             0  2  2  -2  0   5  1  0  1  1  1/1    15:36   3:20   0:57 
Shawn Belle              0  0  0   0  0   2  1  1  0  1  0/0    19:41   2:35   2:53 
Tyler Brenner            0  1  1   0  0   2  1  0  0  0  21/50  21:40   4:32   0:57 
Tyler Kennedy            0  1  1   0  4   6  0  0  0  0  0/0    23:53   4:26   3:12 
Victor Hedman            0  0  0   0  0   0  0  1  0  2  0/0    31:13   5:24   4:19 

Players Stats for Influenza

Player Name              G  A  P  +/- PIM S  H  SB GA TA FO     MP     PP MP  PK MP  
------------------------------------------------------------------------------------
Ben Smith                0  1  1   1  0   1  2  0  1  0  2/2    14:55   2:40   1:12 
Carl Gunnarsson          0  0  0   1  0   0  0  0  0  1  0/0     5:22   0:00   0:00 
Charlie Coyle            1  0  1  -1  0   1  1  0  0  0  7/10    8:33   0:00   0:50 
Corey Tropp              0  1  1  -1  0   2  2  0  1  0  0/0     7:31   0:00   0:00 
Evgeny Grachev           0  0  0  -1  0   1  4  0  0  0  4/8    13:33   0:00   3:13 
Jamie Benn               0  0  0   1  0   2  1  1  0  0  1/2    16:28   2:40   2:46 
Jeremy Morin             0  0  0  -1  0   0  3  0  0  0  0/0    10:07   0:00   0:00 
John Klingberg           0  0  0  -1  0   2  1  2  0  2  0/0    23:40   3:22   3:03 
Martins Karsums          2  2  4   2  0   7  2  0  1  0  0/0    21:40   4:32   1:12 
Mathieu Carle            0  1  1   2  2   1  4  4  1  0  0/0    28:59   3:50   4:08 
Matt Corrente            0  0  0   0  2   2  2  1  0  0  0/0    18:45   3:22   1:54 
Noah Welch               1  0  1   1  0   1  2  0  2  1  0/0    30:28   3:50   5:27 
Oskars Bartulis          0  0  0  -1  0   1  1  0  0  0  0/0    12:33   0:00   1:26 
Robbie Earl              0  6  6   2  0   3  1  0  1  0  8/12   25:24   4:32   4:57 
Ryan Carter              3  2  5   2  6   6  3  2  0  0  24/46  22:08   4:32   1:31 
Ryan Russell             0  1  1  -1  0   0  0  0  0  0  0/1     8:01   0:00   0:17 
T.J Galiardi             0  0  0  -1  0   0  3  0  0  0  0/0    10:07   0:00   0:00 
Zac Dalpe                1  0  1   1  0   5  1  0  0  0  5/10   13:42   2:40   0:00 

3 Stars

1 - Ryan Carter (VJB)
2 - Martins Karsums (VJB)
3 - Robbie Earl (VJB)

Power Play

Atomiques - 2 on 5 Attempt(s) - 40,00%
Influenza - 3 on 6 Attempt(s) - 50,00%

Penalty Kill

Atomiques - 3 on 6 Attempt(s) - 50,00% - Score 0 goal in Penalty Kill
Influenza - 3 on 5 Attempt(s) - 60,00% - Score 0 goal in Penalty Kill

Team Stat

Atomiques - Hits : 19 - Faceoff Wins : 40 - Blocked Shots : 12 - Penalty Minutes : 12
Influenza - Hits : 33 - Faceoff Wins : 51 - Blocked Shots : 10 - Penalty Minutes : 10

Official

Referees : Ciamaga Chris and Fraser Kerry
Linesman : Shane Heyer and Jonny Murray

Game Notes

Ryan Carter has scored a Hat Trick!
Sergei Bobrovsky enters game at 17:21 of 1st period
Carl Gunnarsson is injured at 7:13 of 2nd period (Fractured Metatarsal (Right Foot))
Marc-Antoine Pouliot has scored a Hat Trick!

Finance

Level 1 -- Attendance: 1802 (90,10%) -- Ticket Income 72 080 $
Level 2 -- Attendance: 864 (86,40%) -- Ticket Income 17 280 $
Total Attendance: 2666 (88,87%)
Total Ticket Income: 89 360 $
Other Income: 4 468 $
Total Income: 93 828 $

Atomiques

5 vs 5 Forward 
   Center                   Left Wing                Right Wing               Time % Phy DF OF 
 1 Tyler Brenner            Brad Winchester          Tyler Kennedy            40     1   2  2  
 2 Marc-Antoine Pouliot     Kenndal McArdle          Ryan Shannon             30     1   2  2  
 3 Marc-André Cliche        Andrew Kozek             Nick Johnson             20     1   2  2  
 4 Brett Sutter             John McCarthy            Alex Berry               10     1   2  2  

5 vs 5 Defense 
   Defense                  Defense                                           Time % Phy DF OF 
 1 Alexander Sulzer         Victor Hedman                                     40     1   2  2  
 2 Shawn Belle              Davis Drewiske                                    30     1   2  2  
 3 Clayton Stoner           Kyle Wharton                                      20     1   2  2  
 4 Alexander Sulzer         Victor Hedman                                     10     1   2  2  

PowerPlay Forward 
   Center                   Left Wing                Right Wing               Time % Phy DF OF 
 1 Tyler Brenner            Brad Winchester          Tyler Kennedy            60     1   2  2  
 2 Marc-Antoine Pouliot     Kenndal McArdle          Ryan Shannon             40     1   2  2  

PowerPlay Defense
   Defense                  Defense                                           Time % Phy DF OF 
 1 Alexander Sulzer         Victor Hedman                                     60     1   2  2  
 2 Shawn Belle              Davis Drewiske                                    40     1   2  2  

Penalty Kill 4 Players Forward 
   Center                   Wing                     Time % Phy DF OF 
 1 Brad Winchester          Tyler Kennedy            60     1   2  2  
 2 Ryan Shannon             Tyler Brenner            40     1   2  2  

Penalty Kill 4 Players Defense
   Defense                  Defense                  Time % Phy DF OF 
 1 Alexander Sulzer         Victor Hedman            60     1   2  2  
 2 Shawn Belle              Davis Drewiske           40     1   2  2  

Penalty Kill - 3 Players Forward 
   Forward                                           Time % Phy DF OF 
 1 Brad Winchester                                   60     1   2  2  
 2 Tyler Kennedy                                     40     1   2  2  

Penalty Kill - 3 Players Defense
   Defense                  Defense                  Time % Phy DF OF 
 1 Alexander Sulzer         Victor Hedman            60     1   2  2  
 2 Shawn Belle              Davis Drewiske           40     1   2  2  

4 vs 4 Forward 
   Center                   Wing                     Time % Phy DF OF 
 1 Brad Winchester          Tyler Kennedy            60     1   2  2  
 2 Ryan Shannon             Tyler Brenner            40     1   2  2  

4 vs 4 Defense
   Defense                  Defense                  Time % Phy DF OF 
 1 Alexander Sulzer         Victor Hedman            60     1   2  2  
 2 Shawn Belle              Davis Drewiske           40     1   2  2  

Last Minutes Offensive
   Center                   Left Wing                Right Wing               Defense                  Defense                  
   Tyler Brenner            Brad Winchester          Tyler Kennedy            Alexander Sulzer         Victor Hedman            

Last Minutes Defensive
   Center                   Left Wing                Right Wing               Defense                  Defense                  
   Tyler Brenner            Brad Winchester          Tyler Kennedy            Alexander Sulzer         Victor Hedman            

Goaltenders
Starting : Alex Auld                
Backup : Sergei Bobrovsky         

Extra Forwards
Normal : Nick Johnson, Andrew Kozek, Marc-André Cliche - PP : Nick Johnson, Andrew Kozek - PK : Marc-André Cliche
Extra Defensemen
Normal : Clayton Stoner, Kyle Wharton, Shawn Belle - PP : Clayton Stoner - PK : Kyle Wharton, Shawn Belle
Penalty Shots
Brad Winchester, Tyler Kennedy, Ryan Shannon, Tyler Brenner, Marc-Antoine Pouliot

Influenza

5 vs 5 Forward 
   Center                   Left Wing                Right Wing               Time % Phy DF OF 
 1 Ryan Carter              Robbie Earl              Martins Karsums          40     1   2  2  
 2 Zac Dalpe                Jamie Benn               Ben Smith                30     1   2  2  
 3 Evgeny Grachev           T.J Galiardi             Jeremy Morin             20     1   2  2  
 4 Charlie Coyle            Ryan Russell             Corey Tropp              10     1   2  2  

5 vs 5 Defense 
   Defense                  Defense                                           Time % Phy DF OF 
 1 Noah Welch               Mathieu Carle                                     40     1   2  2  
 2 John Klingberg           Matt Corrente                                     30     1   2  2  
 3 Carl Gunnarsson          Oskars Bartulis                                   20     1   2  2  
 4 Noah Welch               Mathieu Carle                                     10     1   2  2  

PowerPlay Forward 
   Center                   Left Wing                Right Wing               Time % Phy DF OF 
 1 Ryan Carter              Robbie Earl              Martins Karsums          60     1   2  2  
 2 Zac Dalpe                Jamie Benn               Ben Smith                40     1   2  2  

PowerPlay Defense
   Defense                  Defense                                           Time % Phy DF OF 
 1 Noah Welch               Mathieu Carle                                     60     1   2  2  
 2 John Klingberg           Matt Corrente                                     40     1   2  2  

Penalty Kill 4 Players Forward 
   Center                   Wing                     Time % Phy DF OF 
 1 Robbie Earl              Ryan Carter              60     1   2  2  
 2 Martins Karsums          Ben Smith                40     1   2  2  

Penalty Kill 4 Players Defense
   Defense                  Defense                  Time % Phy DF OF 
 1 Noah Welch               Mathieu Carle            60     1   2  2  
 2 John Klingberg           Matt Corrente            40     1   2  2  

Penalty Kill - 3 Players Forward 
   Forward                                           Time % Phy DF OF 
 1 Robbie Earl                                       60     1   2  2  
 2 Ryan Carter                                       40     1   2  2  

Penalty Kill - 3 Players Defense
   Defense                  Defense                  Time % Phy DF OF 
 1 Noah Welch               Mathieu Carle            60     1   2  2  
 2 John Klingberg           Matt Corrente            40     1   2  2  

4 vs 4 Forward 
   Center                   Wing                     Time % Phy DF OF 
 1 Robbie Earl              Ryan Carter              60     1   2  2  
 2 Martins Karsums          Ben Smith                40     1   2  2  

4 vs 4 Defense
   Defense                  Defense                  Time % Phy DF OF 
 1 Noah Welch               Mathieu Carle            60     1   2  2  
 2 John Klingberg           Matt Corrente            40     1   2  2  

Last Minutes Offensive
   Center                   Left Wing                Right Wing               Defense                  Defense                  
   Ryan Carter              Robbie Earl              Martins Karsums          Noah Welch               Mathieu Carle            

Last Minutes Defensive
   Center                   Left Wing                Right Wing               Defense                  Defense                  
   Ryan Carter              Robbie Earl              Martins Karsums          Noah Welch               Mathieu Carle            

Goaltenders
Starting : Alex Stalock             
Backup : Thomas McCollum          

Extra Forwards
Normal : T.J Galiardi, Jeremy Morin, Evgeny Grachev - PP : T.J Galiardi, Jeremy Morin - PK : Evgeny Grachev
Extra Defensemen
Normal : Carl Gunnarsson, Oskars Bartulis, John Klingberg - PP : Carl Gunnarsson - PK : Oskars Bartulis, John Klingberg
Penalty Shots
Robbie Earl, Ryan Carter, Martins Karsums, Ben Smith, Jamie Benn

% Time on Ice - Atomiques

Lines # - Real PCT - Wanted PCT - Time Play
Normal Forward
1 - 36% - 40% - 15:56
2 - 25% - 30% - 11:19
3 - 24% - 20% - 10:50
4 - 14% - 10% - 6:23
Normal Defense
1 - 43% - 40% - 19:06
2 - 32% - 30% - 14:13
3 - 20% - 20% - 9:06
4 - 5% - 10% - 2:03
PP Forward
1 - 58% - 60% - 4:39
2 - 42% - 40% - 3:20
PP Defense
1 - 68% - 60% - 5:24
2 - 32% - 40% - 2:35
PK Forward
1 - 87% - 60% - 6:15
2 - 13% - 40% - 0:57
PK Defense
1 - 60% - 60% - 4:19
2 - 40% - 40% - 2:53
PK3 Forward
1 - 0% - 60%
2 - 0% - 40%
PK3 Defense
1 - 0% - 60%
2 - 0% - 40%
44 Forward
1 - 0% - 60%
2 - 0% - 40%
44 Defense
1 - 0% - 60%
2 - 0% - 40%
Last Minute Offensive  - 0:21
Last Minute Defensive  - 0:00
Total
Forward - 60:00
Defense - 60:00

% Time on Ice - Influenza

Lines # - Real PCT - Wanted PCT - Time Play
Normal Forward
1 - 35% - 40% - 15:46
2 - 25% - 30% - 11:03
3 - 23% - 20% - 10:07
4 - 17% - 10% - 7:31
Normal Defense
1 - 43% - 40% - 19:00
2 - 29% - 30% - 12:41
3 - 26% - 20% - 11:33
4 - 3% - 10% - 1:13
PP Forward
1 - 63% - 60% - 4:32
2 - 37% - 40% - 2:40
PP Defense
1 - 53% - 60% - 3:50
2 - 47% - 40% - 3:22
PK Forward
1 - 85% - 60% - 6:47
2 - 15% - 40% - 1:12
PK Defense
1 - 62% - 60% - 4:56
2 - 38% - 40% - 3:03
PK3 Forward
1 - 0% - 60%
2 - 0% - 40%
PK3 Defense
1 - 0% - 60%
2 - 0% - 40%
44 Forward
1 - 0% - 60%
2 - 0% - 40%
44 Defense
1 - 0% - 60%
2 - 0% - 40%
Last Minute Offensive  - 0:00
Last Minute Defensive  - 0:22
Total
Forward - 60:00
Defense - 60:00

Play by Play

1st period


0:01 of 1st period - Tyler Brenner wins face-off versus Ryan Carter in neutral zone.
0:04 of 1st period - Snap shot by Victor Hedman.
0:04 of 1st period - Shot Blocked by Mathieu Carle.
0:55 of 1st period - Off-side.
0:56 of 1st period - Marc-André Cliche wins face-off versus Ryan Russell in neutral zone.
1:55 of 1st period - Wrist shot by Tyler Kennedy.
1:55 of 1st period - Stopped by Alex Stalock with a rebound.
1:57 of 1st period - Slapshot by Tyler Kennedy.
1:57 of 1st period - Stopped by Alex Stalock with a rebound.
1:59 of 1st period - Slapshot by Davis Drewiske.
1:59 of 1st period - Shot Misses the Net.
2:01 of 1st period - Slapshot by Shawn Belle.
2:01 of 1st period - Stopped by Alex Stalock without a rebound.
2:02 of 1st period - Brett Sutter wins face-off versus Evgeny Grachev in Influenza zone.
2:36 of 1st period - Slapshot by Victor Hedman.
2:36 of 1st period - Deflect By Kenndal McArdle.
2:36 of 1st period - Shot Blocked by Mathieu Carle.
2:36 of 1st period - Puck is out of play.
2:37 of 1st period - Marc-André Cliche wins face-off versus Charlie Coyle in Influenza zone.
3:08 of 1st period - Snap shot by Ryan Shannon.
3:08 of 1st period - Deflect By Kenndal McArdle.
3:08 of 1st period - Shot Misses the Net.
3:08 of 1st period - Puck is out of play.
3:09 of 1st period - Ryan Carter wins face-off versus Marc-Antoine Pouliot in Influenza zone.
3:14 of 1st period - Snap shot by Ryan Carter.
3:14 of 1st period - Goal by Ryan Carter - Atomiques : 0 - Influenza : 1.
3:15 of 1st period - Evgeny Grachev wins face-off versus Tyler Brenner in neutral zone.
3:59 of 1st period - Victor Hedman is hit by Ryan Carter and loses puck.
4:07 of 1st period - Minor Penalty to John McCarthy for Interference.
4:08 of 1st period - Ryan Carter wins face-off versus Brad Winchester in Atomiques zone.
4:13 of 1st period - Wrist shot by Martins Karsums.
4:13 of 1st period - Stopped by Alex Auld without a rebound.
4:14 of 1st period - Brad Winchester wins face-off versus Ryan Carter in Atomiques zone.
4:45 of 1st period - Wrist shot by Ryan Carter.
4:45 of 1st period - Goal by Ryan Carter - Atomiques : 0 - Influenza : 2.
4:46 of 1st period - Ryan Carter wins face-off versus Tyler Brenner in neutral zone.
4:52 of 1st period - Minor Penalty to Tyler Kennedy for Hooking.
4:53 of 1st period - Brad Winchester wins face-off versus Ryan Carter in Atomiques zone.
5:32 of 1st period - Slapshot by John Klingberg.
5:32 of 1st period - Stopped by Alex Auld without a rebound.
5:33 of 1st period - Brad Winchester wins face-off versus Zac Dalpe in Atomiques zone.
6:52 of 1st period - Penalty to Tyler Kennedy is over, Tyler Kennedy is back on ice.
7:08 of 1st period - Wrist shot by Alex Berry.
7:08 of 1st period - Stopped by Alex Stalock without a rebound.
7:09 of 1st period - Marc-Antoine Pouliot wins face-off versus Charlie Coyle in Influenza zone.
7:10 of 1st period - Slapshot by Ryan Shannon.
7:10 of 1st period - Shot Misses the Net.
7:16 of 1st period - Snap shot by Kenndal McArdle.
7:16 of 1st period - Shot Misses the Net.
7:36 of 1st period - Kyle Wharton is hit by Mathieu Carle and loses puck.
7:43 of 1st period - Snap shot by Zac Dalpe.
7:43 of 1st period - Stopped by Alex Auld without a rebound.
7:44 of 1st period - Robbie Earl wins face-off versus Tyler Brenner in Atomiques zone.
7:58 of 1st period - Wrist shot by Ryan Carter.
7:58 of 1st period - Goal by Ryan Carter - Atomiques : 0 - Influenza : 3.
7:59 of 1st period - Ryan Carter wins face-off versus Tyler Brenner in neutral zone.
8:14 of 1st period - Snap shot by Victor Hedman.
8:14 of 1st period - Shot Blocked by Ryan Carter.
8:24 of 1st period - Ryan Carter is hit by Andrew Kozek and loses puck.
8:53 of 1st period - Snap shot by Robbie Earl.
8:53 of 1st period - Stopped by Alex Auld without a rebound.
8:54 of 1st period - Zac Dalpe wins face-off versus Tyler Brenner in Atomiques zone.
8:54 of 1st period - Zac Dalpe is hit by Davis Drewiske.
8:58 of 1st period - Wrist shot by Zac Dalpe.
8:58 of 1st period - Stopped by Alex Auld without a rebound.
8:59 of 1st period - Tyler Brenner wins face-off versus Zac Dalpe in Atomiques zone.
9:06 of 1st period - Wrist shot by Brad Winchester.
9:06 of 1st period - Shot Misses the Net.
9:08 of 1st period - Snap shot by Davis Drewiske.
9:08 of 1st period - Shot Misses the Net.
9:26 of 1st period - Snap shot by Ryan Shannon.
9:26 of 1st period - Stopped by Alex Stalock without a rebound.
9:27 of 1st period - Evgeny Grachev wins face-off versus Marc-Antoine Pouliot in Influenza zone.
9:32 of 1st period - Snap shot by Marc-Antoine Pouliot.
9:32 of 1st period - Deflect By Mathieu Carle.
9:32 of 1st period - Shot Blocked by Mathieu Carle.
9:32 of 1st period - Puck is out of play.
9:33 of 1st period - Tyler Brenner wins face-off versus Ryan Carter in Influenza zone.
9:46 of 1st period - Slapshot by Ryan Carter.
9:46 of 1st period - Shot Blocked by Alexander Sulzer.
10:04 of 1st period - Wrist shot by Ben Smith.
10:04 of 1st period - Shot Blocked by Kenndal McArdle.
10:06 of 1st period - Slapshot by Zac Dalpe.
10:06 of 1st period - Stopped by Alex Auld without a rebound.
10:07 of 1st period - Tyler Brenner wins face-off versus Evgeny Grachev in Atomiques zone.
10:32 of 1st period - Shawn Belle is hit by Robbie Earl and loses puck.
10:41 of 1st period - Snap shot by Ryan Shannon.
10:41 of 1st period - Stopped by Alex Stalock without a rebound.
10:42 of 1st period - Zac Dalpe wins face-off versus Tyler Brenner in Influenza zone.
11:07 of 1st period - Snap shot by Marc-André Cliche.
11:07 of 1st period - Stopped by Alex Stalock without a rebound.
11:08 of 1st period - Andrew Kozek wins face-off versus Ryan Carter in Influenza zone.
11:08 of 1st period - Alexander Sulzer is hit by Matt Corrente and loses puck.
11:11 of 1st period - Slapshot by Victor Hedman.
11:11 of 1st period - Shot Misses the Net.
11:18 of 1st period - Minor Penalty to Matt Corrente for Slashing.
11:19 of 1st period - Robbie Earl wins face-off versus Tyler Brenner in Influenza zone.
11:24 of 1st period - Icing by Tyler Brenner.
11:25 of 1st period - Robbie Earl wins face-off versus Tyler Brenner in Atomiques zone.
13:18 of 1st period - Penalty to Matt Corrente is over, Matt Corrente is back on ice.
13:51 of 1st period - Ryan Russell is hit by Andrew Kozek and loses puck.
14:26 of 1st period - Andrew Kozek is hit by Ryan Carter and loses puck.
15:05 of 1st period - Wrist shot by Ryan Shannon.
15:05 of 1st period - Stopped by Alex Stalock without a rebound.
15:06 of 1st period - Marc-Antoine Pouliot wins face-off versus Ryan Carter in Influenza zone.
15:07 of 1st period - Slapshot by Kenndal McArdle.
15:07 of 1st period - Stopped by Alex Stalock with a rebound.
15:11 of 1st period - Snap shot by Kenndal McArdle.
15:11 of 1st period - Shot Misses the Net.
15:13 of 1st period - Snap shot by Kenndal McArdle.
15:13 of 1st period - Stopped by Alex Stalock without a rebound.
15:14 of 1st period - Ryan Carter wins face-off versus Tyler Brenner in Influenza zone.
15:23 of 1st period - Wrist shot by Tyler Kennedy.
15:23 of 1st period - Stopped by Alex Stalock with a rebound.
15:35 of 1st period - Minor Penalty to Mathieu Carle for Goalie Interference.
15:36 of 1st period - Robbie Earl wins face-off versus Tyler Brenner in Influenza zone.
15:47 of 1st period - Slapshot by Tyler Kennedy.
15:47 of 1st period - Deflect By Tyler Brenner.
15:47 of 1st period - Shot Misses the Net.
15:47 of 1st period - Puck is out of play.
15:48 of 1st period - Tyler Brenner wins face-off versus Robbie Earl in Influenza zone.
15:51 of 1st period - Snap shot by Tyler Kennedy.
15:51 of 1st period - Stopped by Alex Stalock without a rebound.
15:52 of 1st period - Tyler Brenner wins face-off versus Robbie Earl in Influenza zone.
15:53 of 1st period - Snap shot by Tyler Kennedy.
15:53 of 1st period - Shot Blocked by Ryan Carter.
16:23 of 1st period - Wrist shot by Marc-Antoine Pouliot.
16:23 of 1st period - Goal by Marc-Antoine Pouliot - Atomiques : 1 - Influenza : 3.
16:24 of 1st period - Tyler Brenner wins face-off versus Ryan Carter in neutral zone.
16:49 of 1st period - Brad Winchester is hit by Evgeny Grachev and loses puck.
17:14 of 1st period - Snap shot by Brad Winchester.
17:14 of 1st period - Deflect By Ben Smith.
17:14 of 1st period - Stopped by Alex Stalock without a rebound.
17:15 of 1st period - Ben Smith wins face-off versus Marc-Antoine Pouliot in Influenza zone.
17:15 of 1st period - Ben Smith is hit by Ryan Shannon.
17:21 of 1st period - Wrist shot by Zac Dalpe.
17:21 of 1st period - Goal by Zac Dalpe - Atomiques : 1 - Influenza : 4.
17:21 of 1st period - Sergei Bobrovsky enters game.
17:22 of 1st period - Ryan Carter wins face-off versus Marc-Antoine Pouliot in neutral zone.
18:30 of 1st period - Icing by Davis Drewiske.
18:31 of 1st period - Charlie Coyle wins face-off versus Brett Sutter in Atomiques zone.
18:34 of 1st period - Wrist shot by Martins Karsums.
18:34 of 1st period - Shot Misses the Net.
18:36 of 1st period - Slapshot by Mathieu Carle.
18:36 of 1st period - Shot Blocked by Davis Drewiske.
18:38 of 1st period - Wrist shot by Martins Karsums.
18:38 of 1st period - Shot Misses the Net.
18:40 of 1st period - Slapshot by Noah Welch.
18:40 of 1st period - Shot Misses the Net.
18:42 of 1st period - Wrist shot by Robbie Earl.
18:42 of 1st period - Stopped by Sergei Bobrovsky without a rebound.
18:43 of 1st period - Ryan Carter wins face-off versus Marc-Antoine Pouliot in Atomiques zone.
18:54 of 1st period - Wrist shot by Robbie Earl.
18:54 of 1st period - Stopped by Sergei Bobrovsky without a rebound.
18:55 of 1st period - Tyler Brenner wins face-off versus Ryan Carter in Atomiques zone.
19:43 of 1st period - Snap shot by Ryan Russell.
19:43 of 1st period - Shot Blocked by Alexander Sulzer.
19:45 of 1st period - Slapshot by Matt Corrente.
19:45 of 1st period - Stopped by Sergei Bobrovsky without a rebound.
19:46 of 1st period - Charlie Coyle wins face-off versus Tyler Brenner in Atomiques zone.
19:57 of 1st period - Slapshot by Corey Tropp.
19:57 of 1st period - Stopped by Sergei Bobrovsky without a rebound.
19:58 of 1st period - Tyler Brenner wins face-off versus Ryan Carter in Atomiques zone.
Goals for this period are 1 for Atomiques vs 4 for Influenza.
Shots for this period are 14 for Atomiques vs 14 for Influenza.

2nd period


0:01 of 2nd period - Tyler Brenner wins face-off versus Ryan Carter in neutral zone.
0:10 of 2nd period - Tyler Brenner is hit by Noah Welch and loses puck.
1:08 of 2nd period - Snap shot by Ryan Russell.
1:08 of 2nd period - Shot Misses the Net.
1:10 of 2nd period - Wrist shot by Oskars Bartulis.
1:10 of 2nd period - Stopped by Sergei Bobrovsky without a rebound.
1:11 of 2nd period - Charlie Coyle wins face-off versus John McCarthy in Atomiques zone.
1:12 of 2nd period - Snap shot by Ryan Russell.
1:12 of 2nd period - Shot Blocked by Victor Hedman.
1:59 of 2nd period - Wrist shot by Andrew Kozek.
1:59 of 2nd period - Shot Misses the Net.
2:01 of 2nd period - Slapshot by Davis Drewiske.
2:01 of 2nd period - Stopped by Alex Stalock with a rebound.
2:03 of 2nd period - Snap shot by Nick Johnson.
2:03 of 2nd period - Stopped by Alex Stalock without a rebound.
2:04 of 2nd period - Jamie Benn wins face-off versus Marc-Antoine Pouliot in Influenza zone.
2:11 of 2nd period - Davis Drewiske is hit by Noah Welch and loses puck.
2:30 of 2nd period - Shawn Belle is hit by Mathieu Carle and loses puck.
2:41 of 2nd period - Icing by Noah Welch.
2:42 of 2nd period - Charlie Coyle wins face-off versus Tyler Brenner in Influenza zone.
3:01 of 2nd period - Icing by Noah Welch.
3:02 of 2nd period - Charlie Coyle wins face-off versus Marc-André Cliche in Influenza zone.
3:25 of 2nd period - Andrew Kozek is hit by Corey Tropp and loses puck.
3:42 of 2nd period - Slapshot by Andrew Kozek.
3:42 of 2nd period - Stopped by Alex Stalock without a rebound.
3:43 of 2nd period - Ryan Carter wins face-off versus Tyler Brenner in Influenza zone.
3:55 of 2nd period - Minor Penalty to Brad Winchester for Kneeing.
3:56 of 2nd period - Ryan Carter wins face-off versus Marc-André Cliche in Atomiques zone.
4:07 of 2nd period - Off-side.
4:08 of 2nd period - Ryan Carter wins face-off versus Marc-André Cliche in neutral zone.
4:11 of 2nd period - Snap shot by Noah Welch.
4:11 of 2nd period - Shot Blocked by Alexander Sulzer.
4:13 of 2nd period - Snap shot by Ryan Carter.
4:13 of 2nd period - Stopped by Sergei Bobrovsky with a rebound.
4:23 of 2nd period - Snap shot by Ryan Carter.
4:23 of 2nd period - Deflect By Martins Karsums.
4:23 of 2nd period - Goal by Martins Karsums - Atomiques : 1 - Influenza : 5.
4:24 of 2nd period - Ryan Carter wins face-off versus Tyler Brenner in neutral zone.
4:49 of 2nd period - Tyler Brenner is hit by Jeremy Morin and loses puck.
4:58 of 2nd period - Snap shot by Evgeny Grachev.
4:58 of 2nd period - Shot Misses the Net.
5:11 of 2nd period - Icing by Victor Hedman.
5:12 of 2nd period - Zac Dalpe wins face-off versus Marc-Antoine Pouliot in Atomiques zone.
5:37 of 2nd period - Wrist shot by Martins Karsums.
5:37 of 2nd period - Stopped by Sergei Bobrovsky with a rebound.
5:51 of 2nd period - Martins Karsums is hit by Andrew Kozek and loses puck.
6:37 of 2nd period - Ryan Shannon is hit by Corey Tropp and loses puck.
7:12 of 2nd period - Carl Gunnarsson is hit by Brett Sutter.
7:13 of 2nd period - Carl Gunnarsson from Influenza is injured at 7:13 of 2nd period (Fractured Metatarsal (Right Foot)).
7:14 of 2nd period - Ryan Carter wins face-off versus Tyler Brenner in Influenza zone.
7:14 of 2nd period - Ryan Carter is hit by Brad Winchester.
7:29 of 2nd period - Minor Penalty to Brad Winchester for Hooking.
7:30 of 2nd period - Ryan Carter wins face-off versus Marc-André Cliche in Atomiques zone.
7:30 of 2nd period - Wrist shot by Robbie Earl.
7:30 of 2nd period - Shot Misses the Net.
8:48 of 2nd period - Alexander Sulzer is hit by John Klingberg and loses puck.
9:20 of 2nd period - Wrist shot by Tyler Kennedy.
9:20 of 2nd period - Stopped by Alex Stalock without a rebound.
9:21 of 2nd period - Ryan Shannon wins face-off versus Zac Dalpe in Influenza zone.
9:22 of 2nd period - Snap shot by Tyler Brenner.
9:22 of 2nd period - Stopped by Alex Stalock with a rebound.
9:29 of 2nd period - Penalty to Brad Winchester is over, Brad Winchester is back on ice.
9:58 of 2nd period - Slapshot by John Klingberg.
9:58 of 2nd period - Deflect By Corey Tropp.
9:58 of 2nd period - Shot Blocked by Kyle Wharton.
9:58 of 2nd period - Puck is out of play.
9:59 of 2nd period - Charlie Coyle wins face-off versus Tyler Brenner in Atomiques zone.
10:45 of 2nd period - Snap shot by Corey Tropp.
10:45 of 2nd period - Stopped by Sergei Bobrovsky with a rebound.
10:47 of 2nd period - Wrist shot by Charlie Coyle.
10:47 of 2nd period - Goal by Charlie Coyle - Atomiques : 1 - Influenza : 6.
10:48 of 2nd period - Tyler Brenner wins face-off versus Ryan Carter in neutral zone.
11:13 of 2nd period - Kenndal McArdle is hit by Zac Dalpe and loses puck.
11:20 of 2nd period - Slapshot by Davis Drewiske.
11:20 of 2nd period - Stopped by Alex Stalock without a rebound.
11:21 of 2nd period - Ryan Carter wins face-off versus Marc-Antoine Pouliot in Influenza zone.
11:32 of 2nd period - Snap shot by Ryan Carter.
11:32 of 2nd period - Shot Blocked by Marc-Antoine Pouliot.
11:34 of 2nd period - Wrist shot by Martins Karsums.
11:34 of 2nd period - Goal by Martins Karsums - Atomiques : 1 - Influenza : 7.
11:35 of 2nd period - Zac Dalpe wins face-off versus Tyler Brenner in neutral zone.
11:53 of 2nd period - Tyler Brenner is hit by Ben Smith and loses puck.
12:24 of 2nd period - Wrist shot by Tyler Kennedy.
12:24 of 2nd period - Shot Misses the Net.
12:36 of 2nd period - Off-side.
12:37 of 2nd period - Marc-Antoine Pouliot wins face-off versus Ryan Carter in neutral zone.
13:03 of 2nd period - Jamie Benn is hit by Andrew Kozek and loses puck.
13:29 of 2nd period - John Klingberg is hit by Kyle Wharton and loses puck.
13:34 of 2nd period - Snap shot by Brett Sutter.
13:34 of 2nd period - Shot Misses the Net.
13:36 of 2nd period - Wrist shot by Alex Berry.
13:36 of 2nd period - Goal by Alex Berry - Atomiques : 2 - Influenza : 7.
13:37 of 2nd period - Ryan Carter wins face-off versus Tyler Brenner in neutral zone.
13:45 of 2nd period - Mathieu Carle is hit by Alexander Sulzer and loses puck.
14:28 of 2nd period - Alexander Sulzer is hit by Jeremy Morin.
15:08 of 2nd period - Icing by Ben Smith.
15:09 of 2nd period - Marc-Antoine Pouliot wins face-off versus Zac Dalpe in Influenza zone.
15:14 of 2nd period - Slapshot by Ryan Shannon.
15:14 of 2nd period - Stopped by Alex Stalock without a rebound.
15:15 of 2nd period - Ryan Carter wins face-off versus Tyler Brenner in Influenza zone.
15:15 of 2nd period - Ryan Carter is hit by Davis Drewiske.
15:45 of 2nd period - Snap shot by Ben Smith.
15:45 of 2nd period - Shot Blocked by Davis Drewiske.
16:07 of 2nd period - Snap shot by Jeremy Morin.
16:07 of 2nd period - Shot Misses the Net.
16:09 of 2nd period - Slapshot by Matt Corrente.
16:09 of 2nd period - Shot Misses the Net.
16:33 of 2nd period - Victor Hedman is hit by Matt Corrente.
16:41 of 2nd period - Charlie Coyle is hit by Alex Berry and loses puck.
17:14 of 2nd period - Off-side.
17:15 of 2nd period - Ben Smith wins face-off versus Marc-Antoine Pouliot in neutral zone.
17:22 of 2nd period - Wrist shot by Jamie Benn.
17:22 of 2nd period - Shot Misses the Net.
17:24 of 2nd period - Wrist shot by Zac Dalpe.
17:24 of 2nd period - Stopped by Sergei Bobrovsky with a rebound.
17:26 of 2nd period - Snap shot by Ben Smith.
17:26 of 2nd period - Stopped by Sergei Bobrovsky without a rebound.
17:27 of 2nd period - Ryan Carter wins face-off versus Tyler Brenner in Atomiques zone.
17:28 of 2nd period - Slapshot by Robbie Earl.
17:28 of 2nd period - Shot Misses the Net.
17:30 of 2nd period - Snap shot by Martins Karsums.
17:30 of 2nd period - Stopped by Sergei Bobrovsky with a rebound.
17:32 of 2nd period - Snap shot by Ryan Carter.
17:32 of 2nd period - Shot Misses the Net.
17:34 of 2nd period - Snap shot by Robbie Earl.
17:34 of 2nd period - Shot Misses the Net.
17:36 of 2nd period - Snap shot by Ryan Carter.
17:36 of 2nd period - Stopped by Sergei Bobrovsky without a rebound.
17:37 of 2nd period - Tyler Brenner wins face-off versus Ryan Carter in Atomiques zone.
17:37 of 2nd period - Tyler Brenner is hit by Mathieu Carle.
17:40 of 2nd period - Icing by Tyler Kennedy.
17:41 of 2nd period - Ryan Carter wins face-off versus Tyler Brenner in Atomiques zone.
17:43 of 2nd period - Minor Penalty to Ryan Carter for Holding.
17:44 of 2nd period - Robbie Earl wins face-off versus Tyler Brenner in Influenza zone.
17:56 of 2nd period - Snap shot by Tyler Kennedy.
17:56 of 2nd period - Deflect By Brad Winchester.
17:56 of 2nd period - Shot Blocked by Mathieu Carle.
17:56 of 2nd period - Puck is out of play.
17:57 of 2nd period - Tyler Brenner wins face-off versus Robbie Earl in Influenza zone.
18:32 of 2nd period - Slapshot by Ryan Shannon.
18:32 of 2nd period - Stopped by Alex Stalock without a rebound.
18:33 of 2nd period - Robbie Earl wins face-off versus Tyler Brenner in Influenza zone.
18:57 of 2nd period - Wrist shot by Marc-Antoine Pouliot.
18:57 of 2nd period - Deflect By John Klingberg.
18:57 of 2nd period - Goal by Marc-Antoine Pouliot - Atomiques : 3 - Influenza : 7.
18:58 of 2nd period - Tyler Brenner wins face-off versus Ryan Carter in neutral zone.
19:01 of 2nd period - Snap shot by Tyler Kennedy.
19:01 of 2nd period - Shot Misses the Net.
19:03 of 2nd period - Snap shot by Brad Winchester.
19:03 of 2nd period - Shot Misses the Net.
19:13 of 2nd period - Snap shot by Brad Winchester.
19:13 of 2nd period - Goal by Brad Winchester - Atomiques : 4 - Influenza : 7.
19:14 of 2nd period - Tyler Brenner wins face-off versus Ryan Carter in neutral zone.
19:14 of 2nd period - Tyler Brenner is hit by Martins Karsums.
19:21 of 2nd period - Minor Penalty to Ryan Carter for Roughing.
19:22 of 2nd period - Robbie Earl wins face-off versus Tyler Brenner in Influenza zone.
19:22 of 2nd period - Robbie Earl is hit by Alexander Sulzer.
19:27 of 2nd period - Slapshot by Mathieu Carle.
19:27 of 2nd period - Shot Misses the Net.
Goals for this period are 3 for Atomiques vs 3 for Influenza.
Shots for this period are 11 for Atomiques vs 11 for Influenza.

3rd period


0:01 of 3rd period - Evgeny Grachev wins face-off versus Tyler Brenner in neutral zone.
1:14 of 3rd period - Tyler Brenner is hit by Evgeny Grachev and loses puck.
1:21 of 3rd period - Penalty to Ryan Carter is over, Ryan Carter is back on ice.
1:27 of 3rd period - Snap shot by Brett Sutter.
1:27 of 3rd period - Stopped by Alex Stalock with a rebound.
1:29 of 3rd period - Wrist shot by Brett Sutter.
1:29 of 3rd period - Shot Misses the Net.
1:31 of 3rd period - Slapshot by Clayton Stoner.
1:31 of 3rd period - Shot Misses the Net.
1:33 of 3rd period - Wrist shot by John McCarthy.
1:33 of 3rd period - Stopped by Alex Stalock without a rebound.
1:34 of 3rd period - Brett Sutter wins face-off versus Ryan Carter in Influenza zone.
1:39 of 3rd period - Wrist shot by Robbie Earl.
1:39 of 3rd period - Shot Misses the Net.
1:41 of 3rd period - Backhand shot by Ryan Carter.
1:41 of 3rd period - Stopped by Sergei Bobrovsky without a rebound.
1:42 of 3rd period - Tyler Brenner wins face-off versus Ryan Carter in Atomiques zone.
1:42 of 3rd period - Tyler Brenner is hit by Martins Karsums.
2:33 of 3rd period - Snap shot by Andrew Kozek.
2:33 of 3rd period - Shot Misses the Net.
2:35 of 3rd period - Snap shot by Andrew Kozek.
2:35 of 3rd period - Shot Misses the Net.
2:37 of 3rd period - Slapshot by Marc-André Cliche.
2:37 of 3rd period - Shot Hit the Post.
2:39 of 3rd period - Wrist shot by Marc-André Cliche.
2:39 of 3rd period - Shot Misses the Net.
3:13 of 3rd period - Slapshot by Shawn Belle.
3:13 of 3rd period - Stopped by Alex Stalock with a rebound.
3:15 of 3rd period - Wrist shot by John McCarthy.
3:15 of 3rd period - Shot Misses the Net.
3:19 of 3rd period - Snap shot by John McCarthy.
3:19 of 3rd period - Shot Blocked by John Klingberg.
3:21 of 3rd period - Wrist shot by John McCarthy.
3:21 of 3rd period - Stopped by Alex Stalock without a rebound.
3:22 of 3rd period - Marc-Antoine Pouliot wins face-off versus Jamie Benn in Influenza zone.
3:23 of 3rd period - Slapshot by Ryan Shannon.
3:23 of 3rd period - Shot Blocked by Jamie Benn.
3:29 of 3rd period - Slapshot by John Klingberg.
3:29 of 3rd period - Shot Misses the Net.
3:31 of 3rd period - Wrist shot by Jamie Benn.
3:31 of 3rd period - Stopped by Sergei Bobrovsky with a rebound.
3:33 of 3rd period - Snap shot by Jamie Benn.
3:33 of 3rd period - Stopped by Sergei Bobrovsky without a rebound.
3:34 of 3rd period - Tyler Brenner wins face-off versus Ryan Carter in Atomiques zone.
3:39 of 3rd period - Robbie Earl is hit by Shawn Belle and loses puck.
3:46 of 3rd period - Slapshot by Martins Karsums.
3:46 of 3rd period - Stopped by Sergei Bobrovsky without a rebound.
3:47 of 3rd period - Tyler Brenner wins face-off versus Ryan Carter in Atomiques zone.
3:52 of 3rd period - Slapshot by Brad Winchester.
3:52 of 3rd period - Stopped by Alex Stalock without a rebound.
3:53 of 3rd period - Ryan Carter wins face-off versus Tyler Brenner in Influenza zone.
4:01 of 3rd period - Minor Penalty to Ryan Carter for Goalie Interference.
4:02 of 3rd period - Robbie Earl wins face-off versus Tyler Brenner in Influenza zone.
5:56 of 3rd period - Slapshot by Alexander Sulzer.
5:56 of 3rd period - Shot Blocked by John Klingberg.
6:01 of 3rd period - Penalty to Ryan Carter is over, Ryan Carter is back on ice.
6:08 of 3rd period - Slapshot by Matt Corrente.
6:08 of 3rd period - Stopped by Sergei Bobrovsky without a rebound.
6:09 of 3rd period - Charlie Coyle wins face-off versus Brett Sutter in Atomiques zone.
6:10 of 3rd period - Slapshot by John Klingberg.
6:10 of 3rd period - Stopped by Sergei Bobrovsky with a rebound.
6:22 of 3rd period - Oskars Bartulis is hit by Clayton Stoner and loses puck.
6:35 of 3rd period - Kyle Wharton is hit by T.J Galiardi and loses puck.
6:48 of 3rd period - Wrist shot by Evgeny Grachev.
6:48 of 3rd period - Stopped by Sergei Bobrovsky without a rebound.
6:49 of 3rd period - Tyler Brenner wins face-off versus Ryan Carter in Atomiques zone.
7:04 of 3rd period - Off-side.
7:05 of 3rd period - Marc-Antoine Pouliot wins face-off versus Zac Dalpe in neutral zone.
7:20 of 3rd period - Wrist shot by Marc-Antoine Pouliot.
7:20 of 3rd period - Shot Misses the Net.
7:29 of 3rd period - Minor Penalty to Brad Winchester for Hooking.
7:30 of 3rd period - Marc-André Cliche wins face-off versus Robbie Earl in Atomiques zone.
7:46 of 3rd period - Slapshot by Mathieu Carle.
7:46 of 3rd period - Shot Misses the Net.
8:32 of 3rd period - Icing by Zac Dalpe.
8:33 of 3rd period - Zac Dalpe wins face-off versus Andrew Kozek in Influenza zone.
9:00 of 3rd period - Slapshot by Matt Corrente.
9:00 of 3rd period - Shot Misses the Net.
9:02 of 3rd period - Slapshot by John Klingberg.
9:02 of 3rd period - Deflect By Jamie Benn.
9:02 of 3rd period - Shot Blocked by Davis Drewiske.
9:02 of 3rd period - Puck is out of play.
9:03 of 3rd period - Ryan Carter wins face-off versus Brett Sutter in Atomiques zone.
9:29 of 3rd period - Penalty to Brad Winchester is over, Brad Winchester is back on ice.
9:45 of 3rd period - Clayton Stoner is hit by T.J Galiardi and loses puck.
10:00 of 3rd period - Corey Tropp is hit by John McCarthy and loses puck.
10:09 of 3rd period - Davis Drewiske is hit by Oskars Bartulis and loses puck.
11:00 of 3rd period - Victor Hedman is hit by Mathieu Carle and loses puck.
11:05 of 3rd period - Snap shot by Evgeny Grachev.
11:05 of 3rd period - Shot Misses the Net.
11:07 of 3rd period - Snap shot by Jeremy Morin.
11:07 of 3rd period - Shot Misses the Net.
11:19 of 3rd period - Brett Sutter is hit by Charlie Coyle and loses puck.
11:46 of 3rd period - Clayton Stoner is hit by Ryan Carter and loses puck.
12:35 of 3rd period - Snap shot by Marc-André Cliche.
12:35 of 3rd period - Deflect By T.J Galiardi.
12:35 of 3rd period - Stopped by Alex Stalock with a rebound.
12:37 of 3rd period - Slapshot by Marc-André Cliche.
12:37 of 3rd period - Goal by Marc-André Cliche - Atomiques : 5 - Influenza : 7.
12:38 of 3rd period - Ryan Carter wins face-off versus Tyler Brenner in neutral zone.
13:43 of 3rd period - Noah Welch is hit by Tyler Brenner and loses puck.
14:00 of 3rd period - Slapshot by Mathieu Carle.
14:00 of 3rd period - Shot Blocked by Nick Johnson.
14:23 of 3rd period - Slapshot by Mathieu Carle.
14:23 of 3rd period - Stopped by Sergei Bobrovsky with a rebound.
14:28 of 3rd period - Icing by Victor Hedman.
14:29 of 3rd period - Ryan Carter wins face-off versus Marc-Antoine Pouliot in Atomiques zone.
15:15 of 3rd period - Andrew Kozek is hit by Evgeny Grachev and loses puck.
15:24 of 3rd period - Snap shot by Evgeny Grachev.
15:24 of 3rd period - Deflect By T.J Galiardi.
15:24 of 3rd period - Shot Misses the Net.
15:24 of 3rd period - Puck is out of play.
15:25 of 3rd period - Tyler Brenner wins face-off versus Ryan Carter in Atomiques zone.
15:50 of 3rd period - Marc-André Cliche is hit by T.J Galiardi and loses puck.
15:59 of 3rd period - Davis Drewiske is hit by Jeremy Morin and loses puck.
16:19 of 3rd period - Marc-André Cliche is hit by Jamie Benn and loses puck.
16:33 of 3rd period - Off-side.
16:34 of 3rd period - Marc-Antoine Pouliot wins face-off versus Charlie Coyle in neutral zone.
16:39 of 3rd period - Slapshot by Marc-Antoine Pouliot.
16:39 of 3rd period - Goal by Marc-Antoine Pouliot - Atomiques : 6 - Influenza : 7.
16:40 of 3rd period - Evgeny Grachev wins face-off versus Andrew Kozek in neutral zone.
17:13 of 3rd period - Wrist shot by Tyler Kennedy.
17:13 of 3rd period - Stopped by Alex Stalock without a rebound.
17:14 of 3rd period - Tyler Brenner wins face-off versus Ryan Carter in Influenza zone.
17:39 of 3rd period - Wrist shot by T.J Galiardi.
17:39 of 3rd period - Shot Misses the Net.
17:41 of 3rd period - Snap shot by Evgeny Grachev.
17:41 of 3rd period - Shot Misses the Net.
17:43 of 3rd period - Snap shot by Jeremy Morin.
17:43 of 3rd period - Shot Misses the Net.
17:49 of 3rd period - Wrist shot by T.J Galiardi.
17:49 of 3rd period - Shot Blocked by Shawn Belle.
17:55 of 3rd period - Davis Drewiske is hit by Evgeny Grachev and loses puck.
18:13 of 3rd period - Slapshot by John McCarthy.
18:13 of 3rd period - Deflect By Zac Dalpe.
18:13 of 3rd period - Shot Misses the Net.
18:13 of 3rd period - Puck is out of play.
18:14 of 3rd period - Ryan Carter wins face-off versus Tyler Brenner in Influenza zone.
18:14 of 3rd period - Robbie Earl is hit by Brad Winchester and loses puck.
18:27 of 3rd period - Snap shot by Tyler Brenner.
18:27 of 3rd period - Stopped by Alex Stalock without a rebound.
18:28 of 3rd period - Marc-André Cliche wins face-off versus Evgeny Grachev in Influenza zone.
18:31 of 3rd period - Slapshot by Alexander Sulzer.
18:31 of 3rd period - Shot Blocked by Matt Corrente.
18:53 of 3rd period - John Klingberg is hit by Brad Winchester.
19:08 of 3rd period - Minor Penalty to Tyler Kennedy for High sticking.
19:09 of 3rd period - Ryan Carter wins face-off versus Brad Winchester in Atomiques zone.
19:11 of 3rd period - Snap shot by Martins Karsums.
19:11 of 3rd period - Stopped by Sergei Bobrovsky with a rebound.
19:17 of 3rd period - Snap shot by Noah Welch.
19:17 of 3rd period - Goal by Noah Welch - Atomiques : 6 - Influenza : 8.
19:18 of 3rd period - Marc-André Cliche wins face-off versus Evgeny Grachev in neutral zone.
19:33 of 3rd period - Snap shot by Andrew Kozek.
19:33 of 3rd period - Shot Misses the Net.
19:43 of 3rd period - Victor Hedman is hit by Ben Smith.
Goals for this period are 2 for Atomiques vs 1 for Influenza.
Shots for this period are 10 for Atomiques vs 10 for Influenza.